 Dungeon Crawl Stone Soup version 0.32-a0-738-g1a05c61809 (webtiles) character file.

Game seed: 12965873179399784168

107877 Nvm9 the Fighter (level 16, -1/120 HPs)
             Began as a Demonspawn Fighter on Mar 17, 2024.
             Was a High Priest of Lugonu.
             Slain by an azure jelly (44 damage)
             ... on level 3 of the Pits of Slime.
             The game lasted 01:07:58 (22497 turns).

Nvm9 the Fighter (Demonspawn Fighter)              Turns: 22497, Time: 01:07:59

Health: -1/120     AC: 28    Str: 27 (28) XL:     16   Next: 1%
Magic:  25/25      EV:  4    Int:  9      God:    Lugonu [*****.]
Gold:   1153       SH:  7    Dex: 12 (13) Spells: 15/15 levels left

rFire   + . .        Z - +6 broad axe (distort)
rCold   . . .        c - +0 buckler
rNeg    . . .        U - +2 crystal plate armour
rPois   +            I - +1 helmet
rElec   .            J - +2 cloak {rPois}
rCorr   +            (gloves unavailable)
SInv    .            O - +0 pair of boots
Will    ++...        m - amulet of regeneration Stlth
                     T - +6 ring of strength
HPRegen 1.20/turn    q - ring of resist corrosion
MPRegen 0.19/turn

%: no passive effects
@: no status effects
A: claws 3, molten scales 3, spiny 2, demonic magic 3, demonic willpower,
deformed body, deterioration 1, frail 1, screaming 1, teleportitis 1, weak 1, no
potion heal 1, subdued magic 2
a: Renounce Religion, Depart the Abyss, Banish, Corrupt, Enter the Abyss


You were on level 3 of the Pits of Slime.
You worshipped Lugonu.
Lugonu was extremely pleased with you.
You visited 3 branches of the dungeon, and saw 25 of its levels.
You visited the Abyss 1 time.
You also visited: Bailey.

You collected 1444 gold pieces.
You spent 291 gold pieces at shops.

Inventory:

Hand Weapons
 a - a +2 war axe of freezing
 j - a +0 flail of protection
 r - the +3 long sword of Makhleb's Wrath {freeze, Dex+4}
   (You found it on level 5 of the Lair of Beasts)

   Dex+4:     It affects your dexterity (+4).
 E - a +2 falchion of electrocution
 F - a +0 long sword of draining
 G - a +2 hand axe of flaming
 Q - the +8 whip "Snakebite" {venom, curare, rPois}
   (You found it on level 3 of the Lair of Beasts)

   rPois:     It protects you from poison.
 Z - a +6 broad axe of distortion (weapon)
Missiles
 K - 3 throwing nets
 L - 12 javelins (quivered)
 P - 28 poisoned darts
 X - 8 silver javelins
Armour
 c - a +0 buckler (worn)
 I - a +1 helmet (worn)
 J - a +2 cloak of poison resistance (worn)
 O - a +0 pair of boots (worn)
 U - a +2 crystal plate armour (worn)
Jewellery
 m - an amulet of regeneration (around neck)
 p - a +6 ring of dexterity
 q - a ring of resist corrosion (right claw)
 s - an amulet of reflection
 u - a ring of flight
 A - a +6 ring of strength
 C - an amulet of magic regeneration
 R - a ring of poison resistance
 T - a +6 ring of strength (left claw)
 Y - a +4 ring of protection
Wands
 e - a wand of digging (3)
 i - a wand of polymorph (12)
 k - a wand of mindburst (8)
 w - a wand of flame (22)
 y - a wand of quicksilver (8)
 B - a wand of paralysis (21)
 S - a wand of warping (19)
Scrolls
 f - 3 scrolls of fog
 l - 3 scrolls of immolation
 t - a scroll of revelation
 x - 2 scrolls of brand weapon
 M - 12 scrolls of identify
 V - 5 scrolls of teleportation
Potions
 b - 9 potions of haste
 d - 2 potions of might
 h - 2 potions of curing
 o - 2 potions of cancellation
 z - 2 potions of ambrosia
Miscellaneous
 n - a condenser vane


   Skills:
 * Level 14.5 Fighting
 * Level 13.4 Axes
 * Level 12.3 Armour
 * Level 13.4 Shields
 + Level 13.3 Invocations


You had 15 spell levels left.
You didn't know any spells.
Your spell library contained the following spells:

 Spells                   Type           Power      Damage    Failure   Level
 Apportation              Tloc           0%         N/A       100%        1
 Magic Dart               Conj           0%         1d3       100%        1
 Necrotise                Necr           0%         1d4       100%        1
 Sting                    Conj/Alch      0%         1d3       100%        1
 Summon Small Mammal      Summ           0%         N/A       100%        1
 Call Imp                 Summ           0%         N/A       100%        2
 Mercury Vapours          Alch/Air       0%         N/A       100%        2
 Scorch                   Fire           0%         2d5       100%        2
 Searing Ray              Conj           0%         2d4       100%        2
 Sublimation of Blood     Necr           0%         N/A       100%        2
 Mephitic Cloud           Conj/Alch/Air  0%         N/A       100%        3
 Tukima's Dance           Hex            0%         N/A       100%        3
 Animate Dead             Necr           0%         N/A       100%        4
 Dimensional Bullseye     Hex/Tloc       0%         N/A       100%        4
 Flame Wave               Conj/Fire      0%         2d4       100%        4
 Fulminant Prism          Conj/Alch      0%         3d5       100%        4
 Iskenderun's Mystic Bla  Conj/Tloc      0%         2d3       100%        4
 Freezing Cloud           Conj/Ice/Air   0%         6-21      100%        5
 Summon Cactus Giant      Summ           0%         N/A       100%        6
 Haunt                    Necr/Summ      0%         N/A       100%        7
 Summon Hydra             Summ           0%         N/A       100%        7
 Infestation              Necr           0%         N/A       100%        8


Dungeon Overview and Level Annotations

Branches:
Dungeon (15/15)            Temple (0/1) D:5            Lair (5/5) D:11
 Shoals (0/4) Lair:2        Snake (0/4) Lair:3        Slime (5/5) Lair:5
    Orc (0/2) D:11         Vaults (0/5) D:13         Bailey (visited)
 Depths: D:15

Altars:
Gozag
Hepliaklqana
Kikubaaqudgha
Nemelex Xobeh
Okawaru
Qazlal
Sif Muna
Vehumet
Xom
Jiyva
Lugonu

Shops:
D:5 *   D:7 [   D:12 [

Annotations:
D:12 corrupted
Lair:4 3 runed translucent doors, tish's ghost, journeyman DECj


Innate Abilities, Weirdness & Mutations

You have claws for hands.
You are completely covered in molten scales. (AC +4, rF+)
You are mostly covered in sharp spines.
Spells you cast and wands you use may paralyse nearby enemies.
You punish those that try to bend your will. (Will+)
Armour fits poorly on your strangely shaped body.
Your body sometimes deteriorates upon taking damage.
You are frail. (-10% HP)
You occasionally shout uncontrollably at your foes.
You are occasionally teleported next to monsters.
You are weak. (Str -2)
Potions are less effective at restoring your health.
Your spells are easier to cast, but less powerful.


Message History

Acid dripping from the walls corrodes you.
The golden eye blinks!
You are too confused!
Your system partially rejects the healing.
You feel better. The golden eye blinks at you. You resist with some effort.
The golden eye blinks!
As you read the scroll of teleportation, it crumbles to dust.
You feel strangely unstable.
The rockslime hits you but does no damage.
The rockslime barely misses you.
A large slime creature splits.
Unknown command.
Okay, then.
The slime creature hits you.
You barely miss the azure jelly.
The azure jelly is moderately wounded.
You barely miss the acid blob. You hit the rockslime.
Space warps around the rockslime.
You slash the slime creature!
Space warps horribly around the slime creature!
The acid blob is struck by your spines.
The acid blob hits you but does no damage.
Two slime creatures merge to form a large slime creature.
The slime creature jiggles.
A large slime creature splits.
The azure jelly is struck by your spines.
The azure jelly hits you but does no damage.
You block the azure jelly's attack. The azure jelly hits you. x2
The acid blob spits acid at you. The splash of acid hits you!! You resist.
Your surroundings seem slightly different.
The golden eye blinks at you. You resist with almost no effort.
Two slime creatures merge to form a large slime creature.
The slime creature is struck by your spines.
The slime creature completely misses you.
The golden eye blinks at you. You resist with almost no effort.
The azure jelly hits you. The azure jelly freezes you!!!
You die...

,* *,....,*##.......#.#*
** **,....###...........*
* *,,...............#.#*
* *,,................##
** **,.................#
,** **.......J....J...##
,,***,.....#.J...JJ...##
,***,,.........J.JJJ...##
***,,,.J........@JJJ....#
*
*,,,..#..........ยง...##
* **,,...............#.#*
** ***#.#.##............#
,* *......G...........#
** **,*.#..##.....##..#*
* *,,,#...#....###*...#
*,,,##.#.....#* *#.##
**,***,#.....,* *##


You could see 2 acid blobs, 2 azure jellies, 2 large slime creatures, 5 slime
creatures, a rockslime and a golden eye.

Vanquished Creatures
  4 acid blobs
  2 rockslimes
  2 azure jellies
  5 quicksilver oozes
  An orc warlord (Bailey)
  2 formless jellyfish (Slime:3)
  The ghost of hitsuchi the Severer, a journeyman MDMo of Nemelex Xobeh (Lair:1)
  Snorg (D:13)
  An ettin (D:13)
  Harold (D:9)
  5 hydras
  A great orb of eyes (Slime:4)
  An ogre mage (D:13)
  4 centaur warriors
  4 boulder beetles
  An anaconda (Lair:4)
  6 death yaks
  8 two-headed ogres
  Urug (D:13)
  A deep troll shaman (Lair:5)
  Nergalle (D:10)
  2 skysharks
  A deep troll (D:13)
  A phantasmal warrior (D:13)
  A lindwurm (Lair:5)
  2 deep elf pyromancers
  Pikel (D:5)
  A necromancer (D:13)
  An ugly thing (D:10)
  2 shining eyes
  An oklob plant (Lair:3)
  2 cyclopes
  Maurice (D:10)
  4 manticores
  2 torpor snails
  9 black mambas
  22 elephants
  An eye of devastation (Slime:1)
  4 gargoyles
  7 cane toads
  5 rime drakes
  3 unseen horrors
  An efreet (D:14)
  5 komodo dragons
  3 polar bears
  A merfolk (D:13)
  4 trolls
  19 blink frogs
  A hornet (D:9)
  2 glass eyes
  6 dream sheep (Lair:5)
  Sigmund (D:6)
  A shadow (D:11)
  27 slime creatures
  A water elemental (D:14)
  7 wyverns
  A wraith (D:11)
  A vampire (D:10)
  4 golden eyes
  53 yaks
  4 basilisks
  13 vampire mosquitoes
  Edmund (D:5)
  5 nagas (Lair:3)
  4 acid dragons
  26 water moccasins
  3 black bears
  2 ice beasts (D:6)
  5 orc warriors
  17 wolves
  3 ogres
  3 phantoms
  13 centaurs
  3 lemures (D:4)
  A kobold brigand (D:9)
  A gnoll sergeant (D:13)
  A scorpion (D:5)
  12 bullfrogs
  18 wights
  3 killer bees (D:9)
  2 howler monkeys
  11 electric eels
  A bombardier beetle (D:3)
  2 jellies
  A bullfrog zombie (D:5)
  A centaur skeleton (D:5)
  6 hounds
  A centaur zombie (D:5)
  8 orc priests
  2 sleepcaps
  Crazy Yiuf (D:4)
  3 iguanas
  7 orc wizards
  Natasha (thrice) (D:3)
  2 hell rats (Lair:3)
  11 gnolls
  10 adders
  11 river rats (Lair:3)
  2 shadow imps
  A white imp (D:5)
  4 ufetubi (D:5)
  A dart slug (D:3)
  2 ribbon worms (D:2)
  30 orcs
  5 ball pythons
  9 endoplasms
  2 giant cockroaches
  16 goblins
  8 hobgoblins
  4 jackals (D:2)
  5 quokkas
  4 bats
  4 frilled lizards
  21 kobolds
  11 rats
614 creatures vanquished.

Vanquished Creatures (others)
  2 animated armours (D:12)
  An orc wizard (D:8)
3 creatures vanquished.

Grand Total: 617 creatures vanquished

Notes
Turn   | Place    | Note
-------+----------+-------------------------------------------
     0 | D:1      | Nvm9 the Demonspawn Fighter began the quest for the Orb.
     0 | D:1      | Reached XP level 1. HP: 18/18 MP: 1/1
   189 | D:1      | Gained mutation: You are partially covered in molten
                  | scales. (AC +2) [demonic ancestry]
   189 | D:1      | Reached XP level 2. HP: 24/24 MP: 2/2
   626 | D:1      | Found a faded altar of an unknown god.
   635 | D:1      | Prayed at the altar of an unknown god.
   635 | D:1      | Became a worshipper of Lugonu the Unformed
   635 | D:1      | Reached * piety under Lugonu
   876 | D:2      | Gained mutation: You have sharp fingernails. [demonic
                  | ancestry]
   876 | D:2      | Reached XP level 3. HP: 23/29 MP: 3/3
  1197 | D:2      | Reached skill level 1 in Invocations
  1238 | D:2      | Gained mutation: You are partially covered in sharp spines.
                  | [demonic ancestry]
  1238 | D:2      | Reached XP level 4. HP: 35/35 MP: 4/4
  1867 | D:3      | Noticed Natasha
  1871 | D:3      | Killed Natasha
  1888 | D:3      | Reached ** piety under Lugonu
  1927 | D:3      | Gained mutation: You are mostly covered in molten scales.
                  | (AC +3) [demonic ancestry]
  1927 | D:3      | Reached XP level 5. HP: 42/42 MP: 6/6
  1958 | D:3      | Noticed Natasha
  1962 | D:3      | Killed Natasha
  2022 | D:3      | Reached skill level 4 in Fighting
  2260 | D:3      | Gained mutation: You have very sharp fingernails. [demonic
                  | ancestry]
  2260 | D:3      | Reached XP level 6. HP: 47/48 MP: 7/7
  2261 | D:3      | Found an iron altar of Okawaru.
  2297 | D:3      | Noticed Natasha
  2303 | D:3      | Killed Natasha
  2784 | D:4      | Found a hazy altar of Hepliaklqana.
  2970 | D:4      | Noticed a water moccasin
  2975 | D:4      | Killed a water moccasin
  2983 | D:4      | Gained mutation: Spells you cast may paralyse adjacent
                  | enemies. [demonic ancestry]
  2983 | D:4      | Reached XP level 7. HP: 23/55 MP: 9/9
  3163 | D:4      | Found a runed translucent door.
  3164 | D:4      | Noticed Crazy Yiuf
  3172 | D:4      | Killed Crazy Yiuf
  3402 | D:5      | Entered Level 5 of the Dungeon
  3402 | D:5      | Noticed Pikel
  3435 | D:5      | Killed Pikel
  3436 | D:5      | Reached skill level 5 in Fighting
  3438 | D:5      | Reached XP level 8. HP: 28/62 MP: 10/10
  3566 | D:5      | Reached skill level 5 in Shields
  3752 | D:5      | Found Veinac's General Store.
  3878 | D:5      | Noticed Edmund
  3900 | D:5      | Reached skill level 8 in Fighting
  3900 | D:5      | Reached skill level 5 in Armour
  3900 | D:5      | Gained mutation: You are completely covered in molten
                  | scales. (AC +4, rF+) [demonic ancestry]
  3900 | D:5      | Reached XP level 9. HP: 74/74 MP: 10/14
  3913 | D:5      | Killed Edmund
  3945 | D:5      | Found a staircase to the Ecumenical Temple.
  4006 | D:5      | Reached *** piety under Lugonu
  4183 | D:5      | Found a shimmering altar of Xom.
  4367 | D:5      | Bought 2 scrolls of brand weapon for 228 gold pieces
  4392 | D:6      | Noticed Sigmund
  4418 | D:6      | Killed Sigmund
  5829 | D:7      | Found Jykhigu's Armour Shop.
  5850 | D:7      | Gained mutation: Spells you cast may paralyse nearby
                  | enemies. [demonic ancestry]
  5850 | D:7      | Reached XP level 10. HP: 82/82 MP: 15/15
  5891 | D:7      | Bought a +0 helmet for 63 gold pieces
  6005 | D:7      | Reached **** piety under Lugonu
  6179 | D:7      | Found an ancient bone altar of Kikubaaqudgha.
  6490 | D:8      | Identified the +2 dagger of Dummy {pain, rN++}
  6511 | D:8      | Reached skill level 9 in Fighting
  7010 | D:8      | Found an opulent altar of Gozag.
  7398 | D:9      | Found a flagged portal.
  7410 | D:9      | Reached ***** piety under Lugonu
  7427 | Bailey   | Entered a bailey
  7458 | Bailey   | Noticed an orc warlord
  7521 | Bailey   | Found a runed translucent gate.
  7658 | Bailey   | Found a runed translucent gate.
  7662 | Bailey   | Found a runed translucent gate.
  7677 | Bailey   | HP: 2/83 [orc warlord/+5 battleaxe (17)]
  7685 | Bailey   | Killed an orc warlord
  7834 | Bailey   | Acquired a +0 heavy broad axe
  8044 | D:9      | Reached XP level 11. HP: 86/89 MP: 17/17
  8299 | D:9      | Noticed Harold
  8310 | D:9      | Killed Harold
  8542 | D:10     | Entered Level 10 of the Dungeon
  8546 | D:10     | Found a radiant altar of Vehumet.
  8563 | D:10     | Noticed Maurice
  8572 | D:10     | Maurice stole a +4 quarterstaff of chaos
  8573 | D:10     | Maurice stole 14 poisoned darts
  8574 | D:10     | Maurice stole a ring of poison resistance
  8575 | D:10     | Killed Maurice
  8862 | D:10     | Noticed Nergalle
  8869 | D:10     | Killed Nergalle
  9060 | D:10     | Noticed a white ugly thing
  9065 | D:10     | Killed a white ugly thing
  9066 | D:10     | Reached skill level 10 in Fighting
  9124 | D:10     | Found a sparkling altar of Nemelex Xobeh.
  9657 | D:10     | Found a stormy altar of Qazlal.
 10493 | D:11     | Found a staircase to the Lair.
 10578 | D:11     | Found a staircase to the Orcish Mines.
 10762 | D:11     | Noticed a boulder beetle
 10767 | D:11     | Killed a boulder beetle
 10970 | D:11     | Noticed a boulder beetle
 10986 | D:11     | Killed a boulder beetle
 11093 | D:11     | Gained mutation: You have claws for hands. [demonic
                  | ancestry]
 11093 | D:11     | Reached XP level 12. HP: 98/98 MP: 18/18
 11135 | D:11     | Noticed a two-headed ogre
 11143 | D:11     | Killed a two-headed ogre
 11243 | D:11     | Found a shimmering blue altar of Sif Muna.
 11589 | D:12     | Noticed a two-headed ogre
 11613 | D:12     | Killed a two-headed ogre
 11717 | D:12     | Reached skill level 10 in Shields
 11793 | D:12     | Noticed a two-headed ogre
 11800 | D:12     | Killed a two-headed ogre
 11801 | D:12     | Reached skill level 10 in Axes
 12118 | D:12     | Found a shimmering altar of Xom.
 12131 | D:12     | Found Sogri's Armour Emporium.
 12258 | D:12     | Noticed a two-headed ogre
 12263 | D:12     | Killed a two-headed ogre
 12264 | D:12     | Reached skill level 11 in Fighting
 12339 | D:12     | Corrupted D:12
 12339 | D:12     | Noticed a starcursed mass
 12339 | D:12     | Noticed a tentacled starspawn
 12339 | D:12     | Noticed a starcursed mass
 12339 | D:12     | Noticed a tentacled starspawn
 12372 | D:12     | Noticed a red draconian scorcher
 12377 | D:12     | Noticed a white draconian stormcaller
 12693 | D:13     | Noticed a two-headed ogre
 12693 | D:13     | Noticed a two-headed ogre
 12693 | D:13     | Noticed a two-headed ogre
 12693 | D:13     | Noticed an ogre mage
 12708 | D:13     | Killed a two-headed ogre
 12717 | D:13     | Killed a two-headed ogre
 12720 | D:13     | Killed a two-headed ogre
 12820 | D:13     | Noticed Urug
 12830 | D:13     | Killed Urug
 12912 | D:13     | Noticed a centaur warrior
 12919 | D:13     | Killed a centaur warrior
 12920 | D:13     | Reached skill level 10 in Invocations
 12924 | D:13     | Noticed a two-headed ogre
 12937 | D:13     | Killed a two-headed ogre
 12945 | D:13     | Killed an ogre mage
 13036 | D:13     | Noticed a centaur warrior
 13041 | D:13     | Killed a centaur warrior
 13231 | D:13     | Noticed Snorg
 13238 | D:13     | Killed Snorg
 13239 | D:13     | Reached XP level 13. HP: 63/106 MP: 20/20
 13550 | D:13     | Noticed an ettin
 13563 | D:13     | Killed an ettin
 13729 | D:13     | Found a gate to the Vaults.
 14639 | D:14     | Reached skill level 12 in Fighting
 14767 | D:15     | Entered Level 15 of the Dungeon
 14947 | Lair:1   | Entered Level 1 of the Lair of Beasts
 15095 | Lair:1   | Found a runed translucent gate.
 15096 | Lair:1   | Found a runed translucent gate.
 15096 | Lair:1   | Noticed hitsuchi's ghost (journeyman MDMo)
 15097 | Lair:1   | Found a runed translucent gate.
 15100 | Lair:1   | Reached ****** piety under Lugonu
 15393 | Lair:1   | Killed hitsuchi's ghost
 15800 | Lair:1   | Found an iron altar of Okawaru.
 15814 | Lair:1   | Reached skill level 10 in Armour
 16017 | Lair:2   | Found a staircase to the Shoals.
 17027 | Lair:3   | Gained mutation: You punish those that try to bend your
                  | will. (Will+) [demonic ancestry]
 17027 | Lair:3   | Reached XP level 14. HP: 116/116 MP: 22/22
 17383 | Lair:3   | Found a staircase to the Snake Pit.
 17889 | Lair:3   | Found the +8 whip "Snakebite" {venom, curare, rPois}
 18514 | Lair:4   | Identified a +6 broad axe of distortion (a +4 heavy broad
                  | axe corrupted by Lugonu)
 18514 | Lair:4   | Received a gift from Lugonu
 18558 | Lair:4   | Reached skill level 13 in Fighting
 18681 | Lair:4   | Found a runed translucent gate.
 18681 | Lair:4   | Found a runed translucent gate.
 18682 | Lair:4   | Found a runed translucent gate.
 19166 | Lair:4   | Noticed tish's ghost (journeyman DECj)
 19275 | Lair:5   | Entered Level 5 of the Lair of Beasts
 19635 | Lair:5   | Gained mutation: Spells you cast and wands you use may
                  | paralyse nearby enemies. [demonic ancestry]
 19635 | Lair:5   | Reached XP level 15. HP: 124/124 MP: 24/24
 19992 | Lair:5   | Found a staircase to the Slime Pits.
 20178 | Lair:5   | Identified the +3 long sword of Makhleb's Wrath {freeze,
                  | Dex+4}
 20513 | Slime:1  | Entered Level 1 of the Pits of Slime
 20513 | Slime:1  | Noticed an acid blob
 20579 | Slime:1  | Noticed an acid blob
 20585 | Lair:5   | Killed an acid blob
 20586 | Lair:5   | Reached skill level 14 in Fighting
 20740 | Slime:1  | Killed an acid blob
 20754 | Slime:1  | Noticed an azure jelly
 20765 | Slime:1  | Banished an azure jelly
 20825 | Slime:1  | Noticed a rockslime
 20851 | Lair:5   | Killed a rockslime
 20935 | Slime:1  | Found a viscous altar of Jiyva.
 20972 | Slime:1  | Noticed an acid blob
 21001 | Slime:1  | Killed an acid blob
 21274 | Slime:1  | Noticed an azure jelly
 21289 | Slime:1  | Killed an azure jelly
 21319 | Slime:2  | Noticed a rockslime
 21333 | Slime:2  | Killed a rockslime
 21404 | Slime:2  | Noticed an azure jelly
 21414 | Slime:2  | Killed an azure jelly
 21501 | Slime:3  | Noticed an azure jelly
 21508 | Slime:3  | Banished an azure jelly
 21517 | Slime:3  | Noticed a rockslime
 21524 | Slime:3  | Banished a rockslime
 21572 | Slime:3  | Gained mutation: You are occasionally teleported next to
                  | monsters. [a shining eye]
 21573 | Slime:3  | Gained mutation: You are frail. (-10% HP) [a shining eye]
 21575 | Slime:3  | Gained mutation: Armour fits poorly on your strangely
                  | shaped body. [a shining eye]
 21576 | Slime:3  | Gained mutation: Your spells are a little easier to cast,
                  | but a little less powerful. [a shining eye]
 21579 | Slime:3  | Gained mutation: You occasionally shout uncontrollably at
                  | your foes. [a shining eye]
 21582 | Slime:3  | Gained mutation: Your body sometimes deteriorates upon
                  | taking damage. [a shining eye]
 21586 | Slime:3  | Gained mutation: You are weak. (Str -2) [a shining eye]
 21587 | Slime:3  | Gained mutation: Your spells are easier to cast, but less
                  | powerful. [a shining eye]
 21597 | Slime:3  | Noticed a rockslime
 21609 | Slime:3  | Banished a rockslime
 21898 | Slime:4  | Paralysed by a formless jellyfish for 1 turns
 21900 | Slime:4  | HP: 4/114 [formless jellyfish (27)]
 21903 | Slime:3  | Paralysed by a formless jellyfish for 1 turns
 22050 | Slime:4  | Noticed a rockslime
 22069 | Slime:4  | Banished a rockslime
 22110 | Slime:5  | Entered Level 5 of the Pits of Slime
 22219 | Slime:5  | Noticed an acid blob
 22227 | Slime:5  | Noticed an acid blob
 22229 | Slime:5  | Noticed an acid blob
 22229 | Slime:5  | Noticed an acid blob
 22237 | Slime:4  | HP: 3/114 [acid (3)]
 22258 | Abyss:1  | Found a corrupted altar of Lugonu.
 22265 | Abyss:2  | Found a corrupted altar of Lugonu.
 22325 | Abyss:3  | Gained mutation: Potions are less effective at restoring
                  | your health. [a neqoxec]
 22358 | Abyss:4  | Noticed a profane servitor
 22359 | Slime:4  | Escaped the Abyss
 22367 | Slime:4  | Killed an acid blob
 22466 | Slime:5  | Noticed an acid blob
 22467 | Slime:5  | Gained mutation: You are mostly covered in sharp spines.
                  | [demonic ancestry]
 22467 | Slime:5  | Reached XP level 16. HP: 120/120 MP: 19/25
 22479 | Slime:3  | Noticed an acid blob
 22484 | Slime:3  | Noticed an acid blob
 22497 | Slime:3  | Slain by an azure jelly

Illustrated notes

Levels and vault maps discovered:
D:1:      minmay_arrival_diagonal_passages, layout_basic, basic_ecumenical_altar
D:2:      kennysheep_six_static_rooms, layout_basic
D:3:      layout_basic, okawaru_altar_gauntlet_db, general_overflow_altar,
          due_unseen_surprise, uniq_natasha
D:4:      layout_basic, worldfamousw_hep_ancestral_shrine,
          uniq_crazy_yiuf_cottage
D:5:      layout_cave_pools, overflow_temple_1_default,
          minmay_temple_entry_water_ring, serial_shops, shop, serial_undead,
          serial_undead_c, serial_undead_c, serial_undead_c, serial_undead_d,
          uniq_edmund, uniq_pikel
D:6:      layout_cave_pools, grunt_ministairs_4, serial_bayou_lagoon_b,
          uniq_sigmund
D:7:      layout_rooms, kiku_gazebo_pond_becter, serial_shops,
          nicolae_stop_n_shop_1
D:8:      layout_loops_ring, nicolae_overflow_crystal_walls
D:9:      layout_loops_ring, enter_bailey_2, chequers_serial_rivers_large_a,
          uniq_harold
D:10:     layout_basic, nicolae_qazlal_general_emergency,
          nemelex_xobeh_ov_fountains_minmay,
          mainiacjoe_overflow_large_starburst, uniq_maurice, uniq_nergalle
D:11:     layout_small_grid, erik_lair_dragon, orc_0_dummy,
          minmay_misc_feat_alley, led_sif_pool
D:12:     layout_irregular_city, serial_shops, nicolae_shop_mannequins,
          chequers_avenue, brannock_xom_greatest_gift
D:13:     layout_loops_cross, david_vaults_4, minmay_misc_feat_room,
          hangedman_fish_farm, uniq_urug, uniq_snorg
D:14:     layout_basic, minmay_strange_pillars
D:15:     grunt_enter_depths_snipers, layout_gridville, serial_bayou_lagoon_a,
          roderic_st_hans_cross, nrook_uturn
Lair:1:   layout_roguey, gammafunk_ghost_hydra_chop, basic_altar,
          pdpol_lair_neglected_garden
Lair:2:   layout_cave_pods, minmay_shoals_entry_beasts,
          hangedman_lair_unloving_vines, grunt_megastairs_3,
          infiniplex_staircase_pool_2, serial_bayou_shore_a,
          serial_bayou_shore_b
Lair:3:   minmay_guarded_unrand_snakebite, layout_small_grid,
          minmay_snake_entry_guardpost_medium, kennysheep_rathole,
          lemuel_fruit_tree
Lair:4:   beast_lair_carwin_large_3, layout_regular_city,
          gammafunk_ghost_necromancy, grunt_megastairs_5
Lair:5:   grunt_lair_end_beastmaster, layout_cave_pods,
          dpeg_slime_entry_enclosed
Slime:1:  cheibrodos_slime_lost_civilization_3, layout_caves, basic_altar
Slime:2:  layout_caves
Slime:3:  layout_caves, cheibrodos_slime_lost_civilization_4
Slime:4:  layout_caves, cheibrodos_slime_lost_civilization_5
Slime:5:  slime_pit

Skill      XL: |  1  2  3  4  5  6  7  8  9 10 11 12 13 14 15 |
---------------+----------------------------------------------+-----
Axes           | 2 3 4 7 8 9 10 11 12 13 | 13.4
Armour         | 3 4 5 6 7 9 10 11 12 | 12.3
Shields        | 3 4 7 8 9 10 11 12 13 | 13.4
Invocations    | 1 2 3 6 7 8 9 10 11 12 13 | 13.3
Fighting       | 4 5 8 9 10 11 12 13 14 | 14.5

Action                     |  1- 3 |  4- 6 |  7- 9 | 10-12 | 13-15 | 16-18 || total
---------------------------+-------+-------+-------+-------+-------+-------++-------
  Melee: War axe           |   108 |   119 |   192 |   175 |       |       ||   594
         Broad axe         |       |       |       |   236 |   718 |     3 ||   957
         Hand axe          |       |       |       |       |    23 |       ||    23
  Throw: Javelin           |       |       |       |     3 |       |       ||     3
 Invoke: Corrupt           |       |       |       |     1 |       |       ||     1
         Brand Weapon With |       |       |       |       |     1 |       ||     1
         Depart the Abyss  |       |       |       |       |     1 |       ||     1
         Enter the Abyss   |       |       |       |       |     1 |       ||     1
  Evoke: Wand              |       |       |       |     1 |       |       ||     1
    Use: Scroll            |       |       |    14 |    10 |    12 |     4 ||    40
         Potion            |       |       |     4 |     8 |    11 |     3 ||    26
   Stab: Petrified         |       |       |       |       |     6 |       ||     6
         Invisible         |       |       |       |       |     1 |       ||     1
         Petrifying        |       |       |       |       |     1 |       ||     1
 Armour: Scale mail        |   104 |    11 |       |       |       |       ||   115
         Plate armour      |       |   100 |   190 |   358 |       |       ||   648
         Crystal plate arm |       |       |       |   154 |  1142 |    27 ||  1323
  Dodge: Dodged            |    37 |    22 |    39 |   144 |   216 |     8 ||   466
  Block: Buckler           |    19 |    30 |    48 |   154 |   333 |     3 ||   587

Table legend: (Time is in decaauts)
 A = Elapsed time spent in this place.
 B = Non-inter-level travel time spent in this place.
 C = Inter-level travel time spent in this place.
 D = Time resting spent in this place.
 E = Time spent auto-exploring this place.
 F = Levels seen in this place.
 G = Mean time per level.
                   A        B        C        D        E       F      G
               +--------+--------+--------+--------+--------+-----+--------+
         Total |  23008 |  22274 |    734 |   4286 |  12013 |  30 |  766.9 |
       Dungeon |  14722 |  14227 |    495 |   2688 |   8270 |  15 |  981.5 |
          Lair |   5973 |   5734 |    239 |    626 |   3656 |   5 | 1194.6 |
    Slime Pits |   1571 |   1571 |      0 |    685 |      0 |   5 |  314.2 |
         Abyss |    119 |    119 |      0 |     67 |      0 |   4 |   29.8 |
        Bailey |    621 |    621 |      0 |    220 |     86 |   1 |  621.0 |
               +--------+--------+--------+--------+--------+-----+--------+

Top non-repeatable levels by time:
    D:11: 1836 daAuts
  Lair:5: 1545 daAuts
    D:10: 1519 daAuts
     D:6: 1456 daAuts
  Lair:3: 1407 daAuts
    D:13: 1282 daAuts
  Lair:1: 1094 daAuts
     D:4: 1072 daAuts
    D:14: 990 daAuts
  Lair:4: 982 daAuts
     D:2: 945 daAuts
  Lair:2: 942 daAuts
    D:12: 941 daAuts
     D:9: 866 daAuts
     D:3: 839 daAuts
